 Dungeon Crawl Stone Soup version 0.28.0-53-g5a82cb258f (webtiles) character file.

Game seed: 3788219674209001298

28 bnorton916 the Magician (level 3, 0/19 HPs)
             Began as a Deep Elf Fire Elementalist on May 20, 2022.
             Succumbed to an adder's poison
             ... on level 2 of the Dungeon.
             The game lasted 00:01:07 (1136 turns).

bnorton916 the Magician (DEFE)                      Turns: 1136, Time: 00:01:08

Health: 0/19       AC:  2    Str:  5    XL:     3   Next: 0%
Magic:  6/10       EV: 12    Int: 21    God:
Gold:   13         SH:  0    Dex: 15    Spells: 8/9 levels left

rFire   . . .      SeeInvis .   (no weapon)
rCold   . . .      Faith    .   (no shield)
rNeg    . . .      Spirit   .   a - +0 robe
rPois   .          Reflect  .   (no helmet)
rElec   .          Harm     .   (no cloak)
rCorr   .          Rampage  .   (no gloves)
Will    .....                   (no boots)
Stlth   ++........              (no amulet)
HPRegen 0.06/turn               (no ring)
MPRegen 0.12/turn               (no ring)

@: mighty, lethally poisoned (0 -> -4)
A: no striking features
a: no special abilities


You were on level 2 of the Dungeon.
You visited 1 branch of the dungeon, and saw 2 of its levels.

You collected 13 gold pieces.

Inventory:

Armour
 a - a +0 robe (worn)
Scrolls
 b - a scroll of acquirement {unknown}
 d - a scroll of noise {unknown}
 e - 2 scrolls of identify {unknown}
 f - a scroll of amnesia {unknown}


   Skills:
 - Level 2.4 Dodging
 - Level 2.4 Stealth
 + Level 3.7 Spellcasting
 + Level 2.0 Conjurations
 + Level 3.7 Fire Magic


You had 8 spell levels left.
You knew the following spells:

 Your Spells              Type           Power      Damage    Failure   Level
a - Foxfire               Conj/Fire      64%        2x1d7     3%          1

Your spell library contained the following spells:

 Spells                   Type           Power      Damage    Failure   Level
 Scorch                   Fire           38%        2d7       4%          2
 Conjure Flame            Conj/Fire      16%        6-21      11%         3
 Sandblast                Erth           6%         2d5       12%         1
 Inner Flame              Hex/Fire       11%        N/A       17%         3
 Passwall                 Tmut/Erth      2%         N/A       19%         2
 Stone Arrow              Conj/Erth      16%        3d8       24%         3
 Flame Wave               Conj/Fire      16%        2d6       36%         4


Dungeon Overview and Level Annotations

Branches:
Dungeon (2/15)

Altars:


Message History

The endoplasm moves out of view.
There are monsters nearby!
There are monsters nearby!
There are monsters nearby!
Casting: Foxfire (safe; 4% risk of failure)
Confirm with . or Enter, or press ? or * to list all spells.
You conjure some foxfire!
The foxfire hits the adder.
The adder is heavily wounded.
Casting: Foxfire (safe; 4% risk of failure)
Confirm with . or Enter, or press ? or * to list all spells.
You conjure some foxfire!
The adder bites you.
You are poisoned.
The adder poisons you! The adder bites you.
You are lethally poisoned!
The adder poisons you!
You feel very sick.
The foxfire hits the adder.
The adder is almost dead.
Your foxfire dissipates!
The adder bites you.
Casting: Foxfire (safe; 4% risk of failure)
Confirm with . or Enter, or press ? or * to list all spells.
You conjure some foxfire!
* * * LOW HITPOINT WARNING * * *
You feel sick. The adder bites you.
* * * LOW HITPOINT WARNING * * *
* * * LOW HITPOINT WARNING * * *
You feel sick.
The foxfire hits the adder.
You kill the adder!
The foxfire hits the quokka.
The quokka is heavily wounded.
Your Conjurations skill increases to level 2!
You have reached level 3!
Your experience leads to an increase in your attributes!
Increase (S)trength, (I)ntelligence, or (D)exterity?
You feel clever. x2
It was a potion of might.
You feel very mighty all of a sudden.
You die...

#.#.# ##. ##.#.## #. #..#..# #.
##.###.## #. ###..# #..### #.
######## ####...## ##...#####.
#......#####...†###...###....###
##.####.......)§vrJ..# ####....
.......######..§@###...###....###
.#.###.##.# ####§§.## ##...####
##.###.##.# ###..# #..###
##........# ##.###.## #####.####
#..#..# #.# ##.#.## #.# #.#.# #.#
#...# #.# ##.##


You could see an endoplasm and a quokka (ally target).

Vanquished Creatures
  An adder (D:2)
  A worm (D:2)
  A dart slug (D:1)
  A ball python (D:1)
  2 bats
  2 endoplasms (D:1)
  3 goblins
  2 hobgoblins
  A frilled lizard (D:1)
14 creatures vanquished.

Vanquished Creatures (others)
  80 foxfires
80 creatures vanquished.

Grand Total: 94 creatures vanquished

Notes
Turn   | Place    | Note
-------+----------+-------------------------------------------
     0 | D:1      | bnorton916 the Deep Elf Fire Elementalist began the quest
                  | for the Orb.
     0 | D:1      | Reached XP level 1. HP: 10/10 MP: 6/6
   273 | D:1      | Reached XP level 2. HP: 9/15 MP: 2/8
  1136 | D:2      | Reached XP level 3. HP: 1/19 MP: 6/10
  1136 | D:2      | Succumbed to an adder's poison

Illustrated notes

Levels and vault maps discovered:
D:1:      co_arrival_square_in_a_square_in_a_square, layout_rooms
D:2:      minmay_general_purpose_star, layout_loops_corners,
          kennysheep_generic_room_10

Skill      XL: |  1  2 |
---------------+-------+-----
Conjurations   | 2 |  2.0
Dodging        | |  2.4
Stealth        | |  2.4
Spellcasting   | |  3.7
Fire Magic     | |  3.7

Action                   || total
-------------------------++-------
 Cast: Foxfire           ||    49
  Use: Potion            ||     1
Armor: Robe              ||     1
